AoeStats
← Roushwant4227

Coastal Forest

503757666Analyzed
2v2 RM · 1mo ago on Sep 2, 2026· 57m 58s· 4 players
Game mode
Random Map
Map size
Medium (4 player)
Population
200
Speed
Normal
Resources
Standard
Victory
Conquest
Starting age
Dark Age
Ending age
Imperial Age
RankedLock teamsTeams togetherTeam positionsShared explorationLock speedFull tech treeHidden civsTurbo modeCheats
Victory
Defeat
🇨🇴 Ethiopians · Colombia
1076
+16
🇪🇸 Bohemians · Spain
1013
+19
🇨🇴 Magyars · Colombia
1092
-18
🇨🇱 Saracens · Chile
1050
-16
Roushwant4227
6:16 Loom
6:52 Loom
10:51 Feudal Age
13:23 Double-Bit Axe
17:14 Fletching
22:29 Castle Age
20:59 Padded Archer Armor
21:09 Horse Collar
23:49 Bow Saw
23:12 Crossbowman
24:22 Bodkin Arrow
24:31 Padded Archer Armor
28:03 Leather Archer Armor
29:27 Ballistics
33:35 Squires
41:11 Imperial Age
40:52 Forging
40:43 Scale Mail Armor
41:51 Wheelbarrow
42:13 Elite Hussite Wagon
43:07 Squires
42:27 Pikeman
42:55 Arson
43:33 Heavy Plow
45:16 Ring Archer Armor
46:08 Conscription
46:36 Wagenburg Tactics
47:14 Iron Casting
46:44 Bracer
46:44 Halberdier
50:28 Iron Casting
49:58 Scale Barding Armor
50:11 Chain Mail Armor
53:04 Blast Furnace
54:49 Two-Man Saw
54:07 Hand Cart
53:37 Town Watch
55:12 Plate Mail Armor
nothing
4:40 Loom
10:48 Feudal Age
11:56 Double-Bit Axe
13:08 Horse Collar
17:43 Gold Mining
22:08 Castle Age
21:04 Fletching
23:11 Wheelbarrow
22:50 Bodkin Arrow
22:17 Crossbowman
23:50 Padded Archer Armor
24:42 Heavy Plow
25:54 Forging
26:57 Leather Archer Armor
27:19 Scale Mail Armor
28:48 Iron Casting
31:39 Ballistics
32:55 Hand Cart
32:44 Town Watch
33:43 Masonry
35:57 Bow Saw
39:03 Imperial Age
37:33 Light Cavalry
39:11 Scale Barding Armor
39:13 Husbandry
39:42 Thumb Ring
39:50 Royal Heirs
40:52 Chemistry
39:30 Man-at-Arms
40:27 Arbalester
43:38 Two-Man Saw
43:16 Gold Shaft Mining
43:30 Bracer
44:33 Heavy Camel Rider
46:51 Conscription
47:19 Chain Barding Armor
48:54 Capped Ram
52:23 Blast Furnace
52:22 Chain Mail Armor
57:07 Plate Mail Armor
57:10 Ring Archer Armor
57:37 Architecture
57:13 Siege Engineers
57:56 Plate Mail Armor
Dani Blackmore
7:24 Loom
10:05 Feudal Age
13:44 Double-Bit Axe
20:29 Castle Age
23:35 Fletching
24:54 Bodkin Arrow
25:37 Husbandry
26:06 Bow Saw
25:58 Gold Mining
28:59 Wheelbarrow
28:36 Thumb Ring
28:45 Bloodlines
33:06 Stone Mining
42:19 Horse Collar
43:02 Corvinian Army
47:00 Imperial Age
47:18 Hand Cart
49:37 Scale Barding Armor
50:06 Conscription
50:52 Parthian Tactics
53:50 Padded Archer Armor
55:04 Heavy Cavalry Archer
EstebanB
7:37 Loom
9:54 Feudal Age
13:53 Wheelbarrow
17:30 Castle Age
15:28 Horse Collar
17:45 Scale Barding Armor
17:53 Double-Bit Axe
19:06 Heavy Plow
23:37 Bow Saw
24:04 Gold Mining
25:34 Bloodlines
29:42 Chain Barding Armor
29:33 Forging
30:49 Hand Cart
30:28 Stone Mining
31:14 Gold Shaft Mining
32:50 Town Watch
35:46 Imperial Age
34:16 Iron Casting
33:46 Town Patrol
34:46 Husbandry
35:50 Heavy Camel Rider
37:24 Plate Barding Armor
38:38 Blast Furnace
38:48 Conscription
39:30 Fletching
40:05 Ballistics
39:41 Murder Holes
40:31 Light Cavalry
43:24 Hussar
Connection lost

Rejoining the realm…

Still unreachable

The connection could not be restored.

Session expired

The server has moved on; the page needs a fresh start.